 Dungeon Sprint DCSS version 0.21-a0-272-g984ae92 (webtiles) character file.

19230 potatolord6000 the Severer (level 12, -12/128 HPs)
             Began as a Hill Orc Monk on Sept 15, 2017.
             Was the Champion of Beogh.
             Killed from afar by a frost giant (62 damage)
             ... with a bolt of cold
             ... in the Dungeon (Sprint VII: "The Pits").
             The game lasted 00:12:15 (2037 turns).

potatolord6000 the Severer (Hill Orc Monk)          Turns: 2037, Time: 00:12:16

Health: -12/128    AC: 30    Str: 19    XL:     12   Next: 66%
Magic:  14/25      EV:  9    Int: 13    God:    Beogh [******]
Gold:   41         SH:  0    Dex: 13    Spells: 11/11 levels left

rFire    . . .     SeeInvis .   r - +4 war axe (freeze)
rCold    . . .     Gourm    .   (no shield)
rNeg     . . .     Faith    .   b - +4 chain mail
rPois    .         Spirit   .   (no helmet)
rElec    .         Reflect  .   m - +2 cloak
rCorr    .         Harm     .   s - +0 pair of gloves
MR       .....     NoTele   +   u - +2 pair of boots
Stlth    ..........             (no amulet)
HPRegen  0.31/turn              o - +3 ring of protection
MPRegen  0.19/turn              p - +3 ring of intelligence

@: no status effects
A: walk on water
a: Smiting, Recall Orcish Followers, Give Item to Named Follower, Resurrection,
Renounce Religion


You were in the Dungeon.
You worshipped Beogh.
Beogh was exalted by your worship.
You were very full.

You visited 1 branch You collected 41 gold pieces.

Inventory:

Hand Weapons
 r - a +4 war axe of freezing (weapon)
Armour
 b - a +4 chain mail (worn)
 m - a +2 cloak (worn)
 s - a +0 pair of gloves (worn)
 u - a +2 pair of boots (worn)
Jewellery
 o - a +3 ring of protection (left hand)
 p - a +3 ring of intelligence (right hand)
Scrolls
 e - 3 scrolls of remove curse
 f - 5 scrolls of amnesia
 i - 4 scrolls of blinking
 j - a scroll of summoning
 q - a scroll of identify
 v - 3 scrolls of recharging
Potions
 a - 2 potions of invisibility
 d - 5 potions of curing
 g - 2 potions of magic
 h - 6 potions of berserk rage
 t - a potion of flight
 w - 6 potions of heal wounds
 A - a potion of brilliance
Comestibles
 c - 8 bread rations
 k - 40 fruits
 l - 5 meat rations


   Skills:
 + Level 18.4 Fighting
 + Level 19.8 Axes
 + Level 16.9 Armour
 - Level 2.4 Dodging
 - Level 1.5 Stealth
 + Level 19.2 Invocations


You had 11 spell levels left.
You didn't know any spells.

Dungeon Overview and Level Annotations

Branches:
Dungeon (1/1)

Altars:
Ashenzari
Cheibriados
Dithmenos
Elyvilon
Fedhas
Gozag
Hepliaklqana
Kikubaaqudgha
Makhleb
Nemelex Xobeh
Okawaru
Qazlal
Ru
Sif Muna
Trog
Uskayaw
Vehumet
Wu Jian
Xom
Yredelemnul
Zin
The Shining One
Beogh
Jiyva
Lugonu


Message History

You slash the frost giant! You freeze the frost giant.
The frost giant is moderately wounded.
You hit the troll but do no damage.
Unknown command.
You slash the frost giant!
The frost giant is heavily wounded.
You closely miss the troll. The troll bites you but does no damage.
The troll claws you but does no damage. x2
The frost giant gestures at you while chanting.
The bolt of cold misses you.
The alligator snapping turtle bites you but does no damage.
You barely miss the frost giant.
The frost giant is heavily wounded.
You slash the troll! You freeze the troll.
You kill the troll!
Beogh accepts your kill.
The troll leather armour is intact enough to wear.
The frost giant casts a spell at you. The bolt of cold hits you!
You die...

+..........# +..........#
#..#....#..# #..........+
#..........+ ###''####''#
###''####o'#########
#......##....)).....
#.#@##.##...........
#.#CE'.##..######### #
+§t#.##..# #§%' ##..#
#++########## +%:#. #..#
........##..# ##+#.##..#
.#......##..# ##..#
........†oo.# #..#
........''.o##########..#


You could see an alligator snapping turtle, a frost giant and a fire elemental.

Vanquished Creatures
  A quicksilver dragon (D)
  A merfolk avatar (D)
  A catoblepas (D)
  An alligator snapping turtle (D)
  A death knight (D)
  An alligator (D)
  A death yak (D)
  4 hell knights (D)
  A skeletal warrior (D)
  A spriggan druid (D)
  A deep troll (D)
  5 harpies (D)
  A flayed ghost (D)
  A manticore (D)
  An elephant (D)
  Joseph (D)
  A gargoyle (D)
  A komodo dragon (D)
  2 rime drakes (D)
  A kobold demonologist (D)
  2 ice devils (D)
  A troll (D)
  A polar bear (D)
  A bog body (D)
  A snapping turtle (D)
  3 wargs (D)
  2 floating eyes (D)
  A sky beast (D)
  A black bear (D)
  A necrophage (D)
  2 wolves (D)
  2 ogres (D)
  A big kobold (D)
  A bullfrog (D)
  A gnoll sergeant (D)
  A crimson imp (D)
  An iron imp (D)
  2 worker ants (D)
  4 gnolls (D)
  An adder (D)
  A white imp (D)
  An ufetubus (D)
  An adder zombie (D)
  A leopard gecko (D)
  A ball python (D)
  A hobgoblin (D)
  A jackal (D)
  2 kobolds (D)
  3 quokkas (D)
  3 bats (D)
  A rat (D)
74 creatures vanquished.

Vanquished Creatures (collateral kills)
  A hell knight (D)
  2 skeletal warriors (D)
  A manticore (D)
  An elephant (D)
  A demonic crawler (D)
  A rime drake (D)
  A jumping spider (D)
  A tyrant leech (D)
  A polar bear (D)
  A snapping turtle (D)
  A flying skull (D)
  A vampire (D)
  A tarantella (D)
  3 wolves (D)
  A crocodile (D)
  A crimson imp (D)
  An orc wizard (D)
  A hell rat (D)
  A jackal (D)
  A kobold (D)
23 creatures vanquished.

Vanquished Creatures (others)
  An orc knight (D)
  An orc warrior (D)
  2 orc priests (D)
  An orc wizard (D)
  8 orcs (D)
13 creatures vanquished.

Grand Total: 110 creatures vanquished

Notes
Turn   | Place    | Note
-------+----------+-------------------------------------------
     0 | D        | potatolord6000 the Hill Orc Monk began the quest for the Orb.
     0 | D        | Reached XP level 1. HP: 19/19 MP: 1/1
    11 | D        | Noticed a worker ant
    40 | D        | Killed a worker ant
    40 | D        | Reached skill level 5 in Fighting
    40 | D        | Reached skill level 5 in Axes
    40 | D        | Reached XP level 2. HP: 10/29 MP: 2/2
    72 | D        | Found a bloodstained altar of Trog.
    72 | D        | Found a deep blue altar of Sif Muna.
    72 | D        | Found a viscous altar of Jiyva.
    72 | D        | Found a hazy altar of Hepliaklqana.
    72 | D        | Found an opulent altar of Gozag.
    73 | D        | Found a glowing golden altar of the Shining One.
    73 | D        | Found a glowing silver altar of Zin.
    73 | D        | Found a basalt altar of Yredelemnul.
    73 | D        | Found a shimmering altar of Xom.
    73 | D        | Found an ornate altar of the Wu Jian Council.
    73 | D        | Found a sacrificial altar of Ru.
    73 | D        | Found a stormy altar of Qazlal.
    73 | D        | Found an iron altar of Okawaru.
    73 | D        | Found a sparkling altar of Nemelex Xobeh.
    73 | D        | Found a burning altar of Makhleb.
    73 | D        | Found a blossoming altar of Fedhas.
    73 | D        | Found a white marble altar of Elyvilon.
    73 | D        | Found a shadowy altar of Dithmenos.
    73 | D        | Found a snail-covered altar of Cheibriados.
    75 | D        | Found a radiant altar of Vehumet.
    75 | D        | Found a corrupted altar of Lugonu.
    75 | D        | Found a roughly hewn altar of Beogh.
    77 | D        | Found an ancient bone altar of Kikubaaqudgha.
    77 | D        | Found a hide-covered altar of Uskayaw.
    77 | D        | Found a shattered altar of Ashenzari.
    80 | D        | HP: 1/29 [poisoned by a worker ant]
    85 | D        | Became a worshipper of Beogh the Brigand
    85 | D        | Reached * piety under Beogh
    85 | D        | Reached ** piety under Beogh
   391 | D        | Reached XP level 3. HP: 36/36 MP: 3/3
   400 | D        | Reached skill level 1 in Invocations
   401 | D        | Noticed a floating eye
   408 | D        | Paralysed by a floating eye for 2 turns
   412 | D        | Killed a floating eye
   412 | D        | Reached *** piety under Beogh
   412 | D        | Reached skill level 5 in Armour
   412 | D        | Reached XP level 4. HP: 41/47 MP: 3/7
   412 | D        | Reached XP level 5. HP: 46/52 MP: 3/8
   460 | D        | Noticed a floating eye
   470 | D        | Reached skill level 5 in Invocations
   474 | D        | Killed a floating eye
   474 | D        | Reached **** piety under Beogh
   474 | D        | Reached XP level 6. HP: 45/62 MP: 8/11
   589 | D        | Noticed a warg
   594 | D        | Killed a warg
   594 | D        | Reached skill level 10 in Axes
   600 | D        | Reached XP level 7. HP: 38/70 MP: 9/13
   630 | D        | Reached ***** piety under Beogh
   630 | D        | Reached skill level 10 in Fighting
   674 | D        | Reached skill level 10 in Invocations
   682 | D        | Noticed a gargoyle
   683 | D        | Killed a gargoyle
   683 | D        | Reached XP level 8. HP: 75/82 MP: 14/16
   836 | D        | Noticed a deep troll
   837 | D        | Reached skill level 10 in Armour
   838 | D        | Noticed an ice devil
   842 | D        | Killed a deep troll
   842 | D        | Reached XP level 9. HP: 70/90 MP: 10/17
   844 | D        | Killed an ice devil
   858 | D        | Noticed a polar bear
   859 | D        | Noticed a manticore
   901 | D        | Killed a manticore
   903 | D        | Noticed an orc knight
   904 | D        | Killed a polar bear
   905 | D        | Noticed a komodo dragon
   909 | D        | Noticed a jumping spider
   910 | D        | Noticed a manticore
   918 | D        | Killed a komodo dragon
   918 | D        | Reached ****** piety under Beogh
   921 | D        | Noticed a skeletal warrior
   930 | D        | Killed a manticore
   930 | D        | Reached XP level 10. HP: 53/101 MP: 20/20
   942 | D        | Killed a skeletal warrior
   942 | D        | Reached skill level 15 in Axes
   943 | D        | Gained Koronagh as an ally
   944 | D        | Noticed a kobold demonologist
   946 | D        | Killed a kobold demonologist
   955 | D        | Noticed an elephant
   966 | D        | Noticed a skeletal warrior
   976 | D        | Noticed a catoblepas
   982 | D        | Killed a skeletal warrior
   984 | D        | Noticed a skeletal warrior
   988 | D        | Your ally Koronagh died
   998 | D        | Killed a catoblepas
   998 | D        | Reached skill level 15 in Invocations
  1013 | D        | Reached skill level 15 in Fighting
  1020 | D        | Killed a skeletal warrior
  1023 | D        | Killed an elephant
  1023 | D        | Reached XP level 11. HP: 10/112 MP: 3/22
  1411 | D        | Noticed Joseph
  1413 | D        | Noticed a flayed ghost
  1413 | D        | Noticed a hell knight
  1414 | D        | Noticed a hell knight
  1414 | D        | Killed Joseph
  1416 | D        | Noticed a hell knight
  1417 | D        | Killed a flayed ghost
  1417 | D        | Gained Bolgrim as an ally
  1419 | D        | Noticed a hell knight
  1421 | D        | Killed a hell knight
  1423 | D        | Killed a hell knight
  1424 | D        | Noticed a hell knight
  1425 | D        | Killed a hell knight
  1432 | D        | Killed a hell knight
  1432 | D        | Reached skill level 15 in Armour
  1444 | D        | Killed a hell knight
  1737 | D        | Noticed a death knight
  1756 | D        | Killed a death knight
  1825 | D        | Noticed a spriggan druid
  1833 | D        | Killed a spriggan druid
  1833 | D        | Reached XP level 12. HP: 125/125 MP: 24/24
  1845 | D        | Noticed a death yak
  1854 | D        | Gained Harm as an ally
  1861 | D        | Killed a death yak
  2002 | D        | Noticed a merfolk avatar
  2002 | D        | Noticed an alligator snapping turtle
  2002 | D        | Noticed a quicksilver dragon
  2002 | D        | Noticed a frost giant
  2002 | D        | Noticed an alligator
  2002 | D        | Noticed an alligator snapping turtle
  2005 | D        | Killed a quicksilver dragon
  2024 | D        | Killed a merfolk avatar
  2031 | D        | Killed an alligator
  2034 | D        | Killed an alligator snapping turtle
  2037 | D        | Killed from afar by a frost giant

Vault maps used:
D:        pitsprint

Skill      XL: |  1  2  3  4  5  6  7  8  9 10 11 12 |
---------------+-------------------------------------+-----
Fighting       | 5 7 8 9 11 12 13 15 17 18 | 18.4
Axes           | 5 7 9 10 12 13 14 16 18 19 | 19.8
Armour         | 3 5 6 8 9 10 12 13 15 16 | 16.9
Invocations    | 4 6 8 10 11 13 15 17 19 | 19.2
Dodging        | |  2.4
Stealth        | |  1.5

Action                   |  1- 3 |  4- 6 |  7- 9 | 10-12 || total
-------------------------+-------+-------+-------+-------++-------
Melee: Hand axe          |    37 |    20 |    55 |       ||   112
       War axe           |       |       |    26 |   144 ||   170
Invok: Smiting           |       |     1 |     9 |    30 ||    40
       Resurrection      |       |       |       |     2 ||     2
  Use: Potion            |     3 |       |     8 |    12 ||    23
       Scroll            |       |       |       |     4 ||     4
 Stab: Sleeping          |     3 |       |       |       ||     3
       Distracted        |       |       |     1 |     3 ||     4
       Petrified         |       |       |       |     8 ||     8
  Eat: Meat ration       |     1 |       |       |     1 ||     2
Armor: Robe              |     5 |     3 |       |       ||     8
       Chain mail        |       |    15 |    96 |   141 ||   252
Dodge: Dodged            |    14 |    12 |    45 |    85 ||   156

Table legend:
 A = Spawn XP
 B = Non-spawn XP
 C = Spawn XP percentage of total XP
 D = Spawn monster count
 E = Non-spawn monster count
 F = Spawn count percentage of total count
 G = Total turns spent on level
                    A         B        C        D         E        F      G
               +---------+---------+-------+---------+---------+-------+---------
         Total |       0 |   27472 |   0.0 |       0 |      97 |   0.0 |  2037
               +---------+---------+-------+---------+---------+-------+---------
             D |       0 |   27472 |   0.0 |       0 |      97 |   0.0 |  2037
               +---------+---------+-------+---------+---------+-------+---------
